 Dungeon Crawl Stone Soup version 0.23.1 (webtiles) character file.

Game seed: 0

504 nuthulu the Ruffian (level 6, -1/62 HPs)
             Began as a Troll Monk on Mar 2, 2019.
             Was a Believer of Uskayaw.
             Succumbed to a killer bee's poison
             ... on level 4 of the Dungeon on Mar 6, 2019.
             The game lasted 00:05:53 (2990 turns).

nuthulu the Ruffian (Troll Monk)                    Turns: 2990, Time: 00:05:54

Health: -1/62      AC:  7    Str: 22    XL:     6   Next: 96%
Magic:  1/5        EV: 11    Int:  6    God:    Uskayaw [**....]
Gold:   114        SH:  0    Dex: 12    Spells: 5/5 levels left

rFire    . . .     SeeInvis .     - Unarmed
rCold    . . .     Gourm    +   (no shield)
rNeg     . . .     Faith    .   a - +1 robe
rPois    .         Spirit   +   (helmet restricted)
rElec    .         Reflect  .   (no cloak)
rCorr    .         Harm     .   (gloves unavailable)
MR       .....                  (boots unavailable)
Stlth    ++........             m - amulet of guardian spirit
HPRegen  0.60/turn              (no ring)
MPRegen  0.09/turn              (no ring)

@: lethally poisoned (-1 -> -11)
A: large, unfitting armour, claws 3, fast metabolism 3, gourmand, regeneration
1, shaggy fur 1, tough skin 3
a: Stomp, Line Pass, Renounce Religion


You were on level 4 of the Dungeon.
You worshipped Uskayaw.
Uskayaw was noncommittal.
You were very full.

You visited 1 branch of the dungeon, and saw 4 of its levels.
You also visited: Sewer.

You collected 114 gold pieces.

Inventory:

Armour
 a - a +1 robe (worn)
Jewellery
 m - an amulet of guardian spirit (around neck)
Wands
 k - a wand of acid (3)
Scrolls
 f - a scroll of teleportation
 g - 2 scrolls of magic mapping
 n - 2 scrolls of remove curse
Potions
 c - a potion of berserk rage {unknown}
 d - a potion of lignification {unknown}
 e - 5 potions of curing
 h - a potion of cancellation {unknown}
 j - 2 potions of ambrosia
 l - 3 potions of flight {unknown}
 o - a potion of agility
 p - 5 potions of heal wounds {unknown}
 q - 3 potions of brilliance {unknown}
 r - a potion of might {unknown}
Comestibles
 b - 4 rations


   Skills:
 + Level 4.2 Fighting
 + Level 4.1 Dodging
 - Level 1.0 Stealth
 * Level 5.3 Unarmed Combat


You had 5 spell levels left.
You didn't know any spells.
Your spell library was empty.

Dungeon Overview and Level Annotations

Branches:
Dungeon (4/15)
 Temple: D:4-7

Altars:
Uskayaw


Innate Abilities, Weirdness & Mutations

You are too large for most types of armour.
You have claws for hands.
Your metabolism is lightning-fast.
You like to eat raw meat.
Your natural rate of healing is unusually fast.
You are covered in fur. (AC +1)
You have extremely tough skin. (AC +3)


Message History

* * * LOW HITPOINT WARNING * * *
You can now pass through a line of other dancers.
Unknown command.
You barely miss the killer bee.
The killer bee is almost dead.
* * * LOW HITPOINT WARNING * * *
You feel sick. The killer bee stings you.
* * * LOW HITPOINT WARNING * * *
You are more poisoned.
The killer bee poisons you! The killer bee stings you.
* * * LOW HITPOINT WARNING * * *
The jackal misses you. The killer bee barely misses you.
The killer bee stings you.
* * * LOW HITPOINT WARNING * * *
The killer bee barely misses you.
Unknown command.
Unknown command.
You claw the killer bee!
You kill the killer bee!
You die...

#.#...#...............#.##.#
#.#≈≈≈#....................#
#.#≈≈≈#.....................
#.#≈≈≈#.................####
#.#≈≈≈#...............###
#.#≈÷≈#...............#
#.#≈≈≈#...............#
#≈≈≈#...(..y........#
#≈≈†#....†@†...... #
#≈≈≈#....hy.[.....
#.#...#.............
#...................
#...................
#...................
#............%......
#...................
#...!..........


You could see 2 killer bees and a jackal.

Vanquished Creatures
  A water moccasin (D:3)
  3 killer bees (D:4)
  A hound (D:4)
  A bullfrog skeleton (D:3)
  A worker ant (D:4)
  4 adders
  5 river rats (Sewer)
  An ooze (D:1)
  4 worms
  A dart slug (D:1)
  2 leopard geckos (D:4)
  4 bats
  6 giant cockroaches
  4 goblins
  6 hobgoblins
  6 jackals
  25 kobolds
  A quokka (D:2)
  7 ball pythons (Sewer)
  6 frilled lizards
  22 rats
111 creatures vanquished.

Notes
Turn   | Place    | Note
-------+----------+-------------------------------------------
     0 | D:1      | nuthulu the Troll Monk began the quest for the Orb.
     0 | D:1      | Reached XP level 1. HP: 22/22 MP: 0/0
   264 | D:1      | Reached XP level 2. HP: 29/29 MP: 1/1
  1020 | D:2      | Reached XP level 3. HP: 32/36 MP: 2/2
  1390 | D:3      | Found a hide-covered altar of Uskayaw.
  1440 | D:3      | Reached XP level 4. HP: 36/45 MP: 3/3
  1507 | D:3      | Became a worshipper of Uskayaw the Reveler
  1507 | D:3      | Reached * piety under Uskayaw
  1635 | D:3      | Noticed a water moccasin
  1643 | D:3      | Reached ** piety under Uskayaw
  1659 | D:3      | Killed a water moccasin
  1659 | D:3      | Reached skill level 4 in Unarmed Combat
  1659 | D:3      | Reached XP level 5. HP: 19/53 MP: 1/4
  1659 | D:3      | Reached *** piety under Uskayaw
  1666 | D:3      | Reached **** piety under Uskayaw
  2160 | D:4      | Reached XP level 6. HP: 49/62 MP: 3/5
  2202 | D:4      | HP: 2/62 [poisoned by a killer bee]
  2245 | D:4      | Found a glowing drain.
  2266 | Sewer    | Entered a sewer
  2443 | Sewer    | Reached skill level 5 in Unarmed Combat
  2989 | D:4      | HP: 2/62 [killer bee (2)]
  2990 | D:4      | Succumbed to a killer bee's poison

Skill      XL: |  1  2  3  4  5  6 |
---------------+-------------------+-----
Fighting       | 3 4 |  4.2
Dodging        | 3 4 |  4.1
Unarmed Combat | 4 5 |  5.3
Stealth        | |  1.0

Action                   |  1- 3 |  4- 6 || total
-------------------------+-------+-------++-------
Melee: Unarmed           |    70 |   213 ||   283
       Punch             |       |     7 ||     7
  Use: Scroll            |     3 |     4 ||     7
       Potion            |       |     2 ||     2
 Stab: Sleeping          |     4 |       ||     4
       Paralysed         |       |     3 ||     3
  Eat: Chunk             |    15 |    14 ||    29
       Ration            |     1 |       ||     1
Armor: Robe              |    24 |    89 ||   113
Dodge: Dodged            |    33 |   165 ||   198
